 Dungeon Crawl Stone Soup version 0.21-a0-153-g78480df (webtiles) character file.

136 Ordine the Magician (level 4, -12/24 HPs)
             Began as a Deep Elf Wizard on July 31, 2017.
             Shot with an arrow by a centaur (14 damage)
             ... on level 3 of the Dungeon.
             The game lasted 00:16:50 (3219 turns).

Ordine the Magician (Deep Elf Wizard)               Turns: 3219, Time: 00:16:51

Health: -12/24     AC:  3    Str:  4    XL:     4   Next: 98%
Magic:  8/12       EV: 13    Int: 24    God:
Gold:   213        SH:  0    Dex: 13    Spells: 3/12 levels left

rFire    . . .     SeeInvis .   b - staff of wizardry
rCold    . . .     Gourm    .   (no shield)
rNeg     . . .     Faith    .   a - +0 robe
rPois    .         Spirit   .   m - +0 hat
rElec    .         Reflect  .   (no cloak)
rCorr    .         Harm     .   o - +0 pair of gloves
MR       .....                  (no boots)
Stlth    ++........             (no amulet)
HPRegen  0.08/turn              (no ring)
MPRegen  0.13/turn              (no ring)

@: no status effects
A: no striking features
a: no special abilities


You were on level 3 of the Dungeon.
You were not hungry.

You visited 1 branch of the dungeon, and saw 3 of its levels.

You collected 213 gold pieces.

Inventory:

Hand Weapons
 i - a +0 short sword
Armour
 a - a +0 robe (worn)
 m - a +0 hat (worn)
 o - a +0 pair of gloves (worn)
Magical Staves
 b - an uncursed staff of wizardry (weapon)
Scrolls
 f - 3 scrolls of remove curse
 g - 2 scrolls of teleportation
 p - a scroll of magic mapping
 q - a scroll of noise
Potions
 e - 7 potions of curing
 h - a potion of brilliance {unknown}
 k - a potion of flight {unknown}
 l - 3 potions of might {unknown}
Books
 c - a book of Minor Magic

   Spells                             Type                      Level
   a - Magic Dart                     Conjuration                  1
   b - Blink                          Translocation                2
   c - Call Imp                       Summoning                    2
   d - Slow                           Hexes                        2
   e - Conjure Flame                  Conjuration/Fire             3
   f - Mephitic Cloud                 Conjuration/Poison/Air       3
Comestibles
 d - 3 bread rations
 j - 2 royal jellies


   Skills:
 + Level 3.4 Dodging
 + Level 4.0 Stealth
 + Level 4.9 Spellcasting
 + Level 2.3 Conjurations
   Level 1.1 Summonings
 + Level 1.5 Translocations
 + Level 1.4 Fire Magic
 + Level 1.0 Air Magic


You had 3 spell levels left.
You knew the following spells:

 Your Spells              Type           Power        Failure   Level  Hunger
a - Magic Dart            Conj           ###.         1%          1    None
b - Blink                 Tloc           N/A          2%          2    None
c - Conjure Flame         Conj/Fire      ###.....     4%          3    ##.....
d - Mephitic Cloud        Conj/Pois/Air  ##......     7%          3    ##.....


Dungeon Overview and Level Annotations

Branches:
Dungeon (3/15)

Altars:
Cheibriados
Nemelex Xobeh
Okawaru


Message History

The arrow closely misses you.
The centaur shoots an arrow.
The arrow closely misses you.
The centaur shoots an arrow.
The arrow hits you!
Ouch! That really hurt!
You see here an arrow.
The centaur shoots an arrow.
The arrow hits you!
* * * LOW HITPOINT WARNING * * *
The centaur shoots an arrow.
The arrow closely misses you.
You see here an arrow.
Casting: Magic Dart
Confirm with . or Enter, or press ? or * to list all spells.
Aiming: Mephitic Cloud
Press: ? - help, Shift-Dir - straight line, f/p - centaur
Aim: a centaur, wielding a shortbow (lightly wounded)
The ball explodes into a vile cloud!
The stinking cloud engulfs the centaur.
The centaur is lightly wounded.
The centaur is engulfed in noxious fumes.
The centaur shoots an arrow.
The arrow hits you!
Ouch! That really hurt!
You die...

.##..# .##..#
.###.# .#
#.######## ### ..
#........( .c#
#.##.########
#ยง# #..#.# #.#
#.#.# #.# #...#
#@# ##..## #(#
#...# #.# ##..#
#(# #..# #.# #..#
#.# #..# #.#
##.##########.###
#.>............#


You could see a centaur.

Vanquished Creatures
  An orc priest (D:3)
  2 adders
  3 worms (D:2)
  A dart slug (D:1)
  3 leopard geckos
  8 orcs
  6 bats
  4 giant cockroaches
  A goblin (D:2)
  7 hobgoblins
  4 jackals
  A quokka (D:2)
  A ball python (D:3)
  15 frilled lizards
  7 kobolds
  6 rats
70 creatures vanquished.

Notes
Turn   | Place    | Note
-------+----------+-------------------------------------------
     0 | D:1      | Ordine the Deep Elf Wizard began the quest for the Orb.
     0 | D:1      | Reached XP level 1. HP: 10/10 MP: 7/7
   335 | D:1      | Reached XP level 2. HP: 12/15 MP: 7/9
   339 | D:1      | Learned a level 2 spell: Blink
  1110 | D:2      | Reached XP level 3. HP: 19/19 MP: 7/11
  1115 | D:2      | Learned a level 3 spell: Conjure Flame
  1119 | D:2      | Learned a level 3 spell: Mephitic Cloud
  1425 | D:2      | Found an iron altar of Okawaru.
  1838 | D:2      | Reached skill level 1 in Fire Magic
  2263 | D:2      | Reached XP level 4. HP: 10/24 MP: 2/12
  2545 | D:3      | Found a snail-covered altar of Cheibriados.
  2715 | D:3      | Found a sparkling altar of Nemelex Xobeh.
  2937 | D:3      | Reached skill level 1 in Air Magic
  3214 | D:3      | Noticed a centaur
  3219 | D:3      | Shot with an arrow by a centaur

Vault maps used:
D:1:      dpeg_arrival_tiny_a, kennysheep_boxes
D:2:      old_standard_altar, minmay_lizard_king
D:3:      old_standard_altar, lemuel_crystal_altar

Skill      XL: |  1  2  3  4 |
---------------+-------------+-----
Stealth        | 3 4 |  4.0
Dodging        | 3 |  3.4
Fire Magic     | 1 |  1.4
Conjurations   | 2 |  2.3
Air Magic      | 1 |  1.0
Spellcasting   | |  4.9
Summonings     | |  1.1
Translocations | |  1.5

Action                   |  1- 3 |  4- 6 || total
-------------------------+-------+-------++-------
Melee: Short sword       |    14 |       ||    14
       Unarmed           |     1 |       ||     1
       Staff             |       |     7 ||     7
 Cast: Magic Dart        |   121 |    50 ||   171
       Conjure Flame     |    10 |     1 ||    11
       Mephitic Cloud    |     5 |     2 ||     7
  Use: Scroll            |       |     7 ||     7
  Eat: Chunk             |     5 |     3 ||     8
Armor: Robe              |     4 |       ||     4
Dodge: Dodged            |    17 |    21 ||    38
